AoeStats
← 馬上贏

African Clearing

506092389Analyzed
4v4 RM · 21d ago on Sep 12, 2026· 46m 4s· 8 players
Game mode
Random Map
Map size
Large (8 player)
Population
200
Speed
Normal
Resources
Standard
Victory
Conquest
Starting age
Dark Age
Ending age
Imperial Age
RankedLock teamsTeams togetherTeam positionsShared explorationLock speedFull tech treeHidden civsTurbo modeCheats
Victory
Defeat
🇹🇼 Burgundians · Taiwan
1372
+16
🇮🇳 Persians · India
1349
+17
🇭🇰 Huns · Hong Kong SAR China
1339
+17
🇫🇮 Spanish · Finland
1277
+19
🇫🇷 Huns · France
1398
-19
🇨🇳 Spanish · China
1379
-18
🇪🇸 Bulgarians · Spain
1366
-17
🇬🇧 Berbers · United Kingdom
1303
-15
dardo
10:52 Loom
12:47 Feudal Age
14:09 Arson
18:58 Forging
22:57 Wheelbarrow
25:18 Castle Age
xinyuan.zhao22
13:26 Feudal Age
18:04 Castle Age
15:50 Double-Bit Axe
18:00 Padded Archer Armor
18:23 Loom
19:20 Bow Saw
20:08 Husbandry
29:50 Wheelbarrow
29:48 Horse Collar
31:34 Hand Cart
37:56 Imperial Age
35:33 Gold Mining
35:33 Stone Mining
35:47 Squires
35:32 Gambesons
35:28 Pikeman
36:29 Scale Mail Armor
36:59 Heavy Plow
37:40 Forging
37:25 Town Watch
38:39 Halberdier
Hecktelion
12:30 Feudal Age
12:38 Loom
12:41 Loom
14:29 Double-Bit Axe
18:37 Castle Age
16:55 Padded Archer Armor
17:25 Fletching
17:37 Loom
18:58 Bloodlines
19:27 Husbandry
20:39 Wheelbarrow
22:28 Bodkin Arrow
24:39 Bow Saw
26:22 Leather Archer Armor
26:28 Ballistics
31:06 Gold Mining
31:22 Horse Collar
32:20 Stone Mining
33:29 Hand Cart
33:22 Town Watch
39:14 Gold Shaft Mining
41:58 Imperial Age
41:59 Heavy Cavalry Archer
43:09 Parthian Tactics
42:52 Thumb Ring
43:52 Chemistry
42:53 Bracer
cdb
Sunday x Junior
3:48 Loom
14:02 Feudal Age
18:23 Castle Age
16:41 Double-Bit Axe
17:53 Padded Archer Armor
19:29 Bloodlines
19:20 Husbandry
20:35 Town Watch
31:19 Bow Saw
41:46 Town Patrol
45:43 Leather Archer Armor
45:10 Horse Collar
馬上贏
13:40 Loom
15:26 Feudal Age
14:53 Gold Mining
15:24 Double-Bit Axe
19:17 Castle Age
17:34 Bow Saw
17:19 Horse Collar
18:05 Heavy Plow
18:25 Fishing Lines
19:59 Wheelbarrow
21:51 Two-Man Saw
25:02 Scale Barding Armor
26:24 Hand Cart
26:46 Gold Shaft Mining
26:44 Crop Rotation
27:24 Cavalier
28:04 Husbandry
28:27 Chain Barding Armor
29:15 Forging
30:02 Gillnets
30:49 Iron Casting
30:24 Treadmill Crane
31:38 Town Watch
33:12 Ballistics
36:20 Imperial Age
36:37 Paladin
37:58 Plate Barding Armor
40:01 Blast Furnace
Just for fun
4:07 Loom
12:53 Feudal Age
14:27 Double-Bit Axe
16:09 Forging
17:28 Scale Barding Armor
27:51 Castle Age
29:06 Bow Saw
30:39 Town Watch
33:24 Horse Collar
34:49 Heavy Plow
35:50 Wheelbarrow
36:20 Fletching
37:00 Hand Cart
38:20 Gold Mining
43:17 Imperial Age
41:00 Marauders
41:39 Bodkin Arrow
41:45 Padded Archer Armor
43:15 Leather Archer Armor
43:19 Thumb Ring
42:37 Elite Skirmisher
43:21 Heavy Cavalry Archer
44:28 Parthian Tactics
44:25 Conscription
45:08 Chemistry
44:28 Ballistics
44:14 Bracer
45:22 Two-Man Saw
45:06 Chain Barding Armor
46:01 Gold Shaft Mining
Broken Angel
Connection lost

Rejoining the realm…

Still unreachable

The connection could not be restored.

Session expired

The server has moved on; the page needs a fresh start.